 Dungeon Crawl Stone Soup version 0.19-a0-905-ge5e6a15 (webtiles) character file.

119 mrath the Cudgeler (level 4, -1/39 HPs)
             Began as a Minotaur Fighter on July 5, 2016.
             Slain by a centaur zombie (5 damage)
             ... on level 3 of the Dungeon.
             The game lasted 00:06:35 (1503 turns).

mrath the Cudgeler (Minotaur Fighter)               Turns: 1503, Time: 00:06:36

Health: -1/39      AC:  9    Str: 22    XL:     4   Next: 74%
Magic:  3/3        EV:  7    Int:  5    God:
Gold:   59         SH:  9    Dex:  9    Spells: 0 memorised, 3 levels left

rFire  . . .     SeeInvis .     a - +0 flail
rCold  . . .     Gourm    .     b - +0 scale mail
rNeg   . . .     Faith    .     c - +0 shield
rPois  .         Spirit   .     (helmet restricted)
rElec  .         Dismiss  .     (no cloak)
rCorr  .         Reflect  .     (no gloves)
SustAt .         Harm     .     n - +0 pair of boots
MR     .....                    (no amulet)
Stlth  ..........               (no ring)
                                h - +1 ring of protection

@: lethally poisoned (-1 -> -13), not resistant to hostile enchantments,
extremely unstealthy
A: retaliatory headbutt, horns 2
a: no special abilities


You were on level 3 of the Dungeon.
You were not hungry.

You visited 1 branch of the dungeon, and saw 3 of its levels.

You collected 59 gold pieces.

Inventory:

Hand Weapons
 a - a +0 flail (weapon)
 m - a +0 hunting sling
Missiles
 e - 59 stones (quivered)
 q - 16 sling bullets
Armour
 b - a +0 scale mail (worn)
 c - a +0 shield (worn)
 n - a +0 pair of boots (worn)
 r - a cursed +0 ring mail
Jewellery
 h - a +1 ring of protection (left hand)
Scrolls
 i - a scroll of noise {unknown}
 j - a scroll of teleportation {unknown}
 k - 3 scrolls of enchant weapon {unknown}
 l - a scroll of identify {unknown}
 p - 2 scrolls of remove curse {unknown}
 s - a scroll of blinking {unknown}
Potions
 d - a potion of might
 o - a potion of haste {unknown}
Comestibles
 f - 2 bread rations
 g - 6 chunks of flesh
 t - a slice of pizza


   Skills:
 - Level 3.6 Fighting
 + Level 6.1 Maces & Flails
 - Level 3.6 Armour
 - Level 3.6 Shields


You had 3 spell levels left.
You didn't know any spells.

Dungeon Overview and Level Annotations

Branches:
Dungeon (3/15)

Altars:


Innate Abilities, Weirdness & Mutations

You reflexively headbutt those who attack you in melee.
You have a pair of horns on your head.


Message History

The centaur zombie hits you.
You hit the centaur zombie.
You feel sick. The centaur zombie barely misses you.
You sock the centaur zombie! You headbutt the centaur zombie.
* * * LOW HITPOINT WARNING * * *
You feel sick. You block the centaur zombie's attack.
The centaur zombie closely misses you.
You sock the centaur zombie!
* * * LOW HITPOINT WARNING * * *
You feel sick. The centaur zombie hits you.
* * * LOW HITPOINT WARNING * * *
You hit the centaur zombie.
* * * LOW HITPOINT WARNING * * *
You feel sick.
You block the centaur zombie's attack. x2
You sock the centaur zombie!
* * * LOW HITPOINT WARNING * * *
You feel sick. The centaur zombie hits you.
* * * LOW HITPOINT WARNING * * *
The centaur zombie hits you.
You die...

.........# #
.........# #
.........# #
.........# #
..o......# #
.........# #
#######.........#
# #.....# #Z# #
#.###.###
#@###### # #.#
#...# #.))...#
###.#####.#
######.#
....##....#####
#.#
###...........#
#.#
#.......(..<.#
#.#
#............#
#.#
#(...........#
#.#
#............#
#####.#


You could see a centaur zombie.

Vanquished Creatures
  An orc wizard (D:3)
  3 adders (D:2)
  3 oozes
  A worm (D:3)
  A dart slug (D:1)
  A giant gecko (D:1)
  3 orcs (D:3)
  2 giant cockroaches
  6 goblins
  7 hobgoblins
  5 kobolds
  3 quokkas
  A ball python (D:1)
  4 bats
  4 giant newts
  3 rats
48 creatures vanquished.

Notes
Turn   | Place    | Note
-------+----------+-------------------------------------------
     0 | D:1      | mrath the Minotaur Fighter began the quest for the Orb.
     0 | D:1      | Reached XP level 1. HP: 19/19 MP: 0/0
    43 | D:1      | Reached skill level 3 in Maces & Flails
    43 | D:1      | Reached XP level 2. HP: 26/26 MP: 1/1
   366 | D:1      | Reached skill level 4 in Maces & Flails
   454 | D:1      | Reached XP level 3. HP: 29/31 MP: 2/2
   886 | D:2      | Reached skill level 5 in Maces & Flails
  1122 | D:2      | Reached XP level 4. HP: 39/39 MP: 3/3
  1490 | D:3      | Reached skill level 6 in Maces & Flails
  1503 | D:3      | Slain by a centaur zombie

Vault maps used:
D:1:      erik_arrival_gehennom, st_stairs_1, serial_bayou_pond_a
D:2:      minmay_misc_feat_nine_boxes
D:3:      minitemple, uniq_iyjb

Skill      XL: |  1  2  3  4 |
---------------+-------------+-----
Maces & Flails | 3 4 5 6 |  6.1
Fighting       | |  3.6
Armour         | |  3.6
Shields        | |  3.6

Action                   |  1- 3 |  4- 6 || total
-------------------------+-------+-------++-------
Melee: Flail             |    95 |    47 ||   142
       Headbutt          |     7 |     7 ||    14
Throw: Stone             |       |     1 ||     1
  Eat: Chunk             |     1 |     1 ||     2
Armor: Scale mail        |    31 |    26 ||    57
Dodge: Dodged            |    25 |    16 ||    41
Block: Shield            |    47 |    18 ||    65
